 Dungeon Crawl Stone Soup version 0.13-a0-2450-ga447c6a (webtiles) character file.

382 Rycklaryybbe the Cutter (level 5, -1/38 HPs)
             Began as a Vampire Assassin on July 17, 2013.
             Slain by an ogre
             ... wielding a cursed -1,+0 giant club
              (8 damage)
             ... on Level 3 of the Dungeon.
             The game lasted 00:05:39 (1931 turns).

Rycklaryybbe the Cutter (Vampire Assassin)          Turns: 1931, Time: 00:05:39

HP  -1/38        AC  3     Str 10      XL: 5   Next: 39%
MP   5/5         EV 12     Int 14      God:
Gold 194         SH  0     Dex 15      Spells:  0 memorised,  4 levels left

Res.Fire  : . . .   See Invis. : +   i - +2,+3 dwarf dagger (elec)
Res.Cold  : . . .   Warding    : .   c - +0 robe
Life Prot.: . . .   Conserve   : .   (no shield)
Res.Poison: .       Res.Corr.  : .   (no helmet)
Res.Elec. : .       Clarity    : .   d - +0 cloak
Sust.Abil.: . .     Spirit.Shd : .   (no gloves)
Res.Mut.  : .       Stasis     : .   (no boots)
Res.Rott. : .       Flight     : .   (no amulet)
Saprovore : . . .                    (no ring)
                                     (no ring)

@: regenerating quickly, slightly resistant to hostile enchantments, quite
stealthy
A: fangs 3, see invisible, unbreathing
a: no special abilities


You were on level 3 of the Dungeon.
You were very full.

You visited 1 branch of the dungeon, and saw 3 of its levels.

You collected 144 gold pieces.

Inventory:

Hand weapons
 a - a +2,+2 dagger {=f}
 b - a +0 blowgun
 i - a +2,+3 dwarven dagger of electrocution (weapon)
 l - a +0,+0 hand axe (quivered)
Missiles
 e - 23 poisoned needles
 f - 2 curare-tipped needles
 n - 4 steel darts
Armour
 c - a +0 robe (worn)
 d - a +0 cloak (worn)
Scrolls
 k - a scroll of fog {unknown}
 o - a scroll of amnesia {unknown}
 p - 3 scrolls of identify {unknown}
 q - a scroll of teleportation {unknown}
Potions
 g - a potion of blood
 h - a potion of slowing {unknown}
 j - a potion of restore abilities {unknown}
 m - a potion of curing {unknown}
 r - a potion of might {unknown}


   Skills:
 - Level 1.7 Fighting
 + Level 6.3 Short Blades
 - Level 1.5 Throwing
 - Level 1.1 Dodging
 - Level 5.8 Stealth


You had 4 spell levels left.
You didn't know any spells.

Dungeon Overview and Level Annotations

Branches:
Dungeon (3/27)

Altars:
Fedhas
Trog
Zin

Annotations
D:3 exclusion: oklob plant, Jessica


Innate Abilities, Weirdness & Mutations

Your natural rate of healing is unusually fast.
You have razor-sharp teeth.*
You have supernaturally acute eyesight.
You can survive without breathing.*


Message History

Read which item? (? for menu, Esc to quit)
Nothing appears to happen.
Found a stone staircase leading up.
There is an open door here.
The orc shouts!
The orc hits you but does no damage.
The orc shouts!
The orc misses you. The giant newt bites you.
The orc hits you with an orcish club.
The orc priest shouts!
The orc priest's eyes start to glow.
The orc hits you with an orcish dagger.
* * * LOW HITPOINT WARNING * * *
The orc closely misses you.
The orc priest mumbles some strange prayers to Beogh against you.
Pain shoots through your body!
* * * LOW HITPOINT WARNING * * *
There is a stone staircase leading up here.
The ogre hits you with a giant club!
You die... fPPfP #fPf. %.ffP

%.@. P.#P P
# #########
#.........
#@........
#oOo......
#ol.......
#ooo.......
#..........
#..........
#..........#
###o#######
#.#


You could see an ogre, an orc priest, 6 orcs and a giant newt.

Vanquished Creatures
  2 big fish (D:3)
  A worker ant (D:3)
  6 adders
  2 giant geckos (D:2)
  An orc (D:3)
  3 giant cockroaches
  6 hobgoblins
  6 kobolds
  3 quokkas
  9 bats
  A giant newt (D:2)
  6 goblins
  3 rats
49 creatures vanquished.

Notes
Turn   | Place    | Note
--------------------------------------------------------------
     0 | D:1      | Rycklaryybbe, the Vampire Assassin, began the quest for the Orb.
     0 | D:1      | Reached XP level 1. HP: 15/15 MP: 1/1
   408 | D:1      | Reached XP level 2. HP: 18/21 MP: 2/2
   965 | D:2      | Reached XP level 3. HP: 24/26 MP: 3/3
  1047 | D:2      | Found a bloodstained altar of Trog.
  1382 | D:2      | Found a glowing silver altar of Zin.
  1412 | D:2      | Reached XP level 4. HP: 32/32 MP: 4/4
  1572 | D:3      | Reached skill level 5 in Short Blades
  1595 | D:3      | Found a blossoming altar of Fedhas.
  1622 | D:3      | Reached XP level 5. HP: 20/38 MP: 5/5
  1716 | D:3      | Noticed Jessica
  1717 | D:3      | Noticed an oklob plant
  1853 | D:3      | Reached skill level 6 in Short Blades
  1903 | D:3      | Noticed an ogre
  1931 | D:3      | Slain by an ogre

Action                   |  1- 3 |  4- 6 || total
-------------------------+-------+-------++-------
Melee: Dagger            |    72 |    46 ||   118
  Use: Scroll            |       |     1 ||     1
 Stab: Sleeping          |    10 |     2 ||    12
